[Event "Titled Tuesday Blitz April 19 Early 2022"]
[White "Derraugh, Geordie"]
[Black "Ambartsumova, Karina"]
[WhiteFideId "2603950"]
[BlackFideId "4166299"]
[WhiteElo "2116"]
[BlackElo "2262"]
[Result "1-0"]
[Round "11"]
[TimeControl "180+1"]
[Date "2022.04.19"]
[WhiteClock "0:00:12"]
[BlackClock "0:00:13"]

1. e4 e5 2. Nf3 Nc6 3. d4 exd4 4. Bc4 Nf6 5. e5 d5 6. Bb5 Ne4 7. Nxd4 Bd7 8. Bxc6 bxc6 9. O-O Bc5 10. Be3 Qe7 11. f3 Ng5 12. f4 Ne4 13. Nd2 f5 14. N2f3 O-O 15. c3 Bb6 16. a4 a5 17. Qb3 Rab8 18. Qa2 Kh8 19. Kh1 c5 20. Nc2 Be6 21. Qa3 Qd7 22. Rfd1 Qc6 23. Rac1 c4 24. Ncd4 Qe8 25. Kg1 Bc5 26. Qa1 Qd7 27. Re1 Bg8 28. Ng5 Nxg5 29. fxg5 f4 30. Bf2 Qg4 31. Nf3 Bxf2+ 32. Kxf2 Rfe8 33. Rcd1 Qf5 34. Qc1 Bf7 35. Rd4 Bh5 36. Rxf4 Rxb2+ 37. Kg1 Qc2 38. Qxc2 Rxc2 39. Re3 c5 40. e6 Rb2 41. Re5 Rb6 42. e7 Kg8 43. Rxd5 Rxe7 44. Rxc5 Rb1+ 45. Kf2 Rb2+ 46. Kg3 Be8 47. Rcxc4 g6 48. Rfe4 Rbb7 49. Rxe7 Rxe7 50. Nd4 Kg7 51. Kf4 Rf7+ 52. Ke3 Re7+ 53. Kd2 Rb7 54. Kc2 Bf7 55. Rc5 Ra7 56. h4 Be8 57. Nb5 Re7 58. Rc7 Kf8 59. Rxe7 Kxe7 60. Kd3 Ke6 61. Kd4 Kf5 62. Nd6+ Kg4 63. Nxe8 Kxh4 64. Nf6 Kxg5 65. Nxh7+ Kg4 66. c4 Kg3 67. c5 Kxg2 68. c6 Kf3 69. c7 g5 70. c8=Q 1-0


[Site "https://www.chess.com"]

[Event "Titled Tuesday Blitz April 19 Early 2022"]
[White "Dobre, Claudiu-Cristian"]
[Black "Jarocka, Liwia"]
[WhiteFideId "1211854"]
[BlackFideId "21807558"]
[WhiteElo "2207"]
[BlackElo "1896"]
[Result "1/2-1/2"]
[Round "11"]
[TimeControl "180+1"]
[Date "2022.04.19"]
[WhiteClock "0:01:01"]
[BlackClock "0:02:18"]

1. c4 e5 2. Nc3 Nc6 3. e3 f5 4. Nf3 e4 5. Nd4 Nxd4 6. exd4 Nf6 7. d5 Bb4 8. Qb3 Bxc3 9. Qxc3 O-O 10. Be2 d6 11. O-O c6 12. dxc6 bxc6 13. d3 Be6 14. Bg5 h6 15. Bxf6 Qxf6 16. Qxf6 Rxf6 17. f4 Rb8 18. b3 d5 19. cxd5 Bxd5 20. dxe4 fxe4 21. Rac1 Rbf8 22. g3 g5 23. fxg5 Rxf1+ 24. Rxf1 hxg5 25. Rxf8+ Kxf8 26. Kf2 Kg7 27. Ke3 c5 28. Bc4 Bc6 29. h4 gxh4 30. gxh4 Kh6 31. Be2 Kg6 32. Kf4 Kf6 33. Bg4 a5 34. Bf5 e3 35. Bd3 a4 36. bxa4 Bxa4 37. Kxe3 Be8 38. Bc2 Ke5 39. a4 Bxa4 40. Bxa4 Kf6 41. Bb5 Kg7 42. Kf4 Kh6 43. Kg4 Kh7 44. Bc4 Kh6 45. h5 Kh7 46. Kg5 Kg7 1/2-1/2


[Site "https://www.chess.com"]

[Event "Titled Tuesday Blitz April 19 Early 2022"]
[White "Dushyant Sharma"]
[Black "Mohammadian, Mohammad"]
[WhiteFideId "25065130"]
[BlackFideId "12566055"]
[WhiteElo "2105"]
[BlackElo "1544"]
[Result "1-0"]
[Round "11"]
[TimeControl "180+1"]
[Date "2022.04.19"]
[WhiteClock "0:02:34"]
[BlackClock "0:01:47"]

1. e4 e5 2. Nf3 Nc6 3. Nc3 Nf6 4. Bb5 d6 5. d4 exd4 6. Nxd4 Bd7 7. Nxc6 Bxc6 8. Bd3 Be7 9. O-O O-O 10. f4 Qd7 11. Kh1 Qg4 12. Rf3 d5 13. e5 d4 14. exf6 Bxf3 15. gxf3 Qe6 16. fxe7 Qxe7 17. Ne4 Rfe8 18. Bd2 Rad8 19. Qg1 f5 20. Ng5 Qf6 21. Bc4+ Kf8 22. Nxh7+ Ke7 23. Nxf6 Kxf6 24. Qg5# 1-0


[Site "https://www.chess.com"]

[Event "Titled Tuesday Blitz April 19 Early 2022"]
[White "Dwilewicz, Katarzyna"]
[Black "Namitbir Singh Walia"]
[WhiteFideId "1148486"]
[BlackFideId "35071068"]
[WhiteElo "1907"]
[BlackElo "1565"]
[Result "1-0"]
[Round "11"]
[TimeControl "180+1"]
[Date "2022.04.19"]
[WhiteClock "0:00:02"]
[BlackClock "0:00:14"]

1. e4 c5 2. Nf3 Nc6 3. d4 cxd4 4. Nxd4 g6 5. c4 Nf6 6. Nc3 Nxd4 7. Qxd4 d6 8. Be2 Bg7 9. Be3 O-O 10. Qd2 Be6 11. O-O Qa5 12. b3 Rfc8 13. Rac1 a6 14. Rfd1 b5 15. Nd5 Qxd2 16. Bxd2 Bxd5 17. exd5 bxc4 18. bxc4 Nd7 19. Rb1 Rab8 20. Be3 Bc3 21. Rdc1 Rxb1 22. Rxb1 Rb8 23. Rxb8+ Nxb8 24. Kf1 Bb4 25. Bd3 Nd7 26. f4 Bc5 27. Bd2 e6 28. dxe6 fxe6 29. Ke2 Kf7 30. Bc3 e5 31. fxe5 dxe5 32. Be4 Ke6 33. Bd5+ Kd6 34. Kd3 Nf6 35. Bb7 Ng4 36. h3 Nf2+ 37. Ke2 e4 38. Bxa6 Nd3 39. Bb7 Nc1+ 40. Kd1 Nxa2 41. Bg7 e3 42. Bf8+ Kc7 43. Bxc5 Kxb7 44. Bxe3 Kc6 45. Bd4 Nb4 46. Ke2 Nc2 47. Kd3 Nb4+ 48. Ke4 Kd6 49. g4 Ke6 50. h4 Nc6 51. c5 Nb4 52. Bc3 Nc6 53. Bb2 Nb4 54. Bd4 Nc6 55. Be3 Ne5 56. Kf4 Nf7 57. Bd4 h6 58. Bg7 g5+ 59. hxg5 hxg5+ 60. Ke4 Nd8 61. Bh6 Kf6 62. Bf8 Ne6 63. Bd6 Nd8 64. Bc7 Ne6 65. Be5+ Ke7 66. Kf5 Kd7 67. Bd6 Nd4+ 68. Kxg5 Ke6 69. Kh4 Nf3+ 70. Kh5 Nd4 71. g5 Nf5 72. g6 Kf6 73. Be5+ Kxe5 74. Kg5 Ng7 75. Kh6 Ne6 76. Kh7 Nf8+ 77. Kg7 Nxg6 78. Kxg6 Kd5 79. c6 Kc5 80. c7 1-0


[Site "https://www.chess.com"]

[Event "Titled Tuesday Blitz April 19 Early 2022"]
[White "Fedoseev, Vladimir"]
[Black "Moskalenko, Alexander"]
[WhiteFideId "24130737"]
[BlackFideId "4155351"]
[WhiteElo "2726"]
[BlackElo "2434"]
[Result "1/2-1/2"]
[Round "11"]
[TimeControl "180+1"]
[Date "2022.04.19"]
[WhiteClock "0:02:15"]
[BlackClock "0:02:35"]

1. e4 c5 2. Nf3 d6 3. d4 cxd4 4. Nxd4 Nf6 5. Nc3 g6 6. Bc4 Bg7 7. f3 O-O 8. Be3 Nc6 9. Qd2 Bd7 10. O-O-O Rc8 11. Bb3 Nxd4 12. Bxd4 b5 13. e5 dxe5 14. Bxe5 Bc6 15. Qxd8 Rfxd8 16. Rxd8+ Rxd8 17. Rd1 Bh6+ 18. Kb1 Rxd1+ 19. Nxd1 Nd7 20. Bd4 a6 1/2-1/2


[Site "https://www.chess.com"]

[Event "Titled Tuesday Blitz April 19 Early 2022"]
[White "Fromm, Marius"]
[Black "Molina, Roberto Junio Brito"]
[WhiteFideId "12993190"]
[BlackFideId "2109450"]
[WhiteElo "2576"]
[BlackElo "2432"]
[Result "0-1"]
[Round "11"]
[TimeControl "180+1"]
[Date "2022.04.19"]
[WhiteClock "0:00:03"]
[BlackClock "0:00:19"]

1. e4 c6 2. d4 d5 3. exd5 cxd5 4. Bd3 Nc6 5. c3 g6 6. Nf3 Bf5 7. Be2 Bg7 8. h3 Nf6 9. O-O O-O 10. Bf4 Rc8 11. Nbd2 Ne4 12. Re1 Qd7 13. Bf1 Nxd2 14. Qxd2 f6 15. Rad1 Rfe8 16. Bh6 Be6 17. Bxg7 Kxg7 18. c4 Bf7 19. c5 a6 20. b4 Rcd8 21. a4 e5 22. b5 axb5 23. axb5 Nxd4 24. Nxd4 exd4 25. Qxd4 Rxe1 26. Rxe1 Rc8 27. Re3 Qc7 28. Rc3 Qe5 29. Qxe5 fxe5 30. c6 b6 31. Ra3 d4 32. Ra6 e4 33. Rxb6 d3 34. Rb7 Kf6 35. Rd7 Bc4 36. Rd4 Bxb5 37. Rxe4 Rxc6 38. Rd4 Rc1 39. g4 d2 40. Rxd2 Bxf1 41. Kh2 Bc4 42. Kg3 Rc3+ 43. f3 g5 44. Rd6+ Be6 45. Rd2 h6 46. Re2 Bd5 47. Rf2 Ke5 48. Rf1 Rd3 49. Re1+ Kd4 50. Rf1 Ke3 51. Re1+ Kd2 52. Rf1 Ke2 53. Rf2+ Ke1 54. Kg2 Rxf3 55. Rxf3 Ke2 56. Kg3 Bxf3 57. h4 Ke3 0-1


[Site "https://www.chess.com"]

[Event "Titled Tuesday Blitz April 19 Early 2022"]
[White "Gabdrakhmanov, Azat"]
[Black "Makarian, Rudik"]
[WhiteFideId "34189197"]
[BlackFideId "44105681"]
[WhiteElo "2279"]
[BlackElo "2388"]
[Result "0-1"]
[Round "11"]
[TimeControl "180+1"]
[Date "2022.04.19"]
[WhiteClock "0:00:07"]
[BlackClock "0:00:10"]

1. e4 c5 2. Nf3 e6 3. d4 cxd4 4. Nxd4 Nc6 5. Nc3 Nf6 6. Ndb5 d6 7. Bf4 e5 8. Bg5 a6 9. Na3 b5 10. Bxf6 gxf6 11. Nd5 Bg7 12. c3 Ne7 13. Nxe7 Qxe7 14. Bd3 f5 15. exf5 e4 16. Be2 d5 17. Nc2 Bb7 18. Ne3 Rd8 19. a4 b4 20. Qb3 O-O 21. O-O a5 22. Rad1 Qc5 23. Ng4 Bc8 24. f6 Bxg4 25. Bxg4 Bxf6 26. cxb4 Qxb4 27. Qh3 Bg7 28. Qh5 Qb3 29. Bf5 h6 30. Rde1 Qxb2 31. Re3 Rfe8 32. Rg3 Qf6 33. h4 Re5 34. Rxg7+ Kxg7 35. g4 Rxf5 36. gxf5 Kh8 37. Rb1 d4 38. Rb7 Rg8+ 39. Kh1 Qg7 0-1


[Site "https://www.chess.com"]

[Event "Titled Tuesday Blitz April 19 Early 2022"]
[White "Gabrielian, Artur"]
[Black "Papp, Levente"]
[WhiteFideId "4131002"]
[BlackFideId "751243"]
[WhiteElo "2440"]
[BlackElo "2308"]
[Result "1-0"]
[Round "11"]
[TimeControl "180+1"]
[Date "2022.04.19"]
[WhiteClock "0:00:09"]
[BlackClock "0:00:01"]

1. c4 c6 2. d4 d5 3. Nf3 e6 4. Nc3 Nf6 5. Bg5 Bb4 6. e3 O-O 7. Qc2 h6 8. Bh4 g5 9. Bg3 Ne4 10. Bd3 f5 11. Be5 Nd7 12. h3 b5 13. cxd5 cxd5 14. Qb3 Qa5 15. O-O Bxc3 16. bxc3 Qxc3 17. Bxb5 g4 18. hxg4 fxg4 19. Bxd7 Bxd7 20. Nh4 Qxb3 21. axb3 Bb5 22. Rfc1 Rxf2 23. Ng6 Rf7 24. Nf4 Re7 25. Rc2 a5 26. Rac1 Ba6 27. Rc7 Rae8 28. R1c6 Bb5 29. Rxe7 Rxe7 30. Rc8+ Kf7 31. Rh8 a4 32. bxa4 Bxa4 33. Rxh6 Ke8 34. Nxe6 Rf7 35. Nf4 Kd7 36. Nxd5 Bc6 37. Nf4 Nc3 38. Rd6+ 1-0


[Site "https://www.chess.com"]

[Event "Titled Tuesday Blitz April 19 Early 2022"]
[White "Gatterer, Florian"]
[Black "Ocelak, Jakub"]
[WhiteFideId "811688"]
[BlackFideId "23707933"]
[WhiteElo "2218"]
[BlackElo "2048"]
[Result "0-1"]
[Round "11"]
[TimeControl "180+1"]
[Date "2022.04.19"]
[WhiteClock "0:00:01"]
[BlackClock "0:00:07"]

1. f4 e5 2. fxe5 d6 3. exd6 Bxd6 4. Nf3 g5 5. g3 g4 6. Nh4 Ne7 7. d4 Ng6 8. Nxg6 hxg6 9. Qd3 Nc6 10. c3 Bf5 11. e4 Qe7 12. Bg2 O-O-O 13. O-O Bd7 14. e5 Bf5 15. Rxf5 gxf5 16. Qxf5+ Kb8 17. exd6 Rxd6 18. Bg5 f6 19. Nd2 fxg5 20. Ne4 Rdh6 21. Qxg5 Qxg5 22. Nxg5 Rxh2 23. Nf7 R8h7 24. Re1 a6 25. Ng5 R7h5 26. Re8+ Ka7 27. Ne4 Rh8 28. Re6 R2h6 29. d5 Nd8 30. Re7 R6h7 31. Re5 Nf7 32. Re6 Rd8 33. c4 Nd6 34. Nxd6 Rxd6 35. Re4 Rg7 36. b3 b6 37. Bf1 a5 38. Be2 Rf6 39. Bxg4 Rfg6 40. Bf3 Rxg3+ 41. Kf2 Rh3 42. d6 cxd6 43. Re8 b5 44. cxb5 Rf7 45. Re3 Kb6 46. Kg2 Rh6 47. a4 Rg6+ 48. Kf2 Kc5 49. Ke2 Rh6 50. Bc6 Rh2+ 51. Kd3 Rff2 52. Ke4 d5+ 53. Bxd5 Rh4+ 54. Kd3 Rd4+ 55. Kc3 Rxd5 56. Re4 Rf3+ 57. Kb2 Rg5 58. Ka3 Rgg3 59. b6 Rxb3+ 60. Ka2 Rxb6 61. Ka1 Rg2 62. Re5+ Kb4 63. Re4+ Kc3 64. Rc4+ Kd3 65. Rd4+ Ke3 66. Re4+ Kf3 67. Rf4+ Kg3 68. Rg4+ Kh2 69. Rh4+ Kg1 70. Rh1+ Kf2 71. Rf1+ Ke3 72. Rf3+ Ke2 73. Re3+ Kf2 74. Rf3+ Kg1 75. Rf1+ Kh2 76. Rh1+ Kg3 77. Rh3+ Kf4 78. Rf3+ Ke4 79. Re3+ Kd5 80. Re5+ Kc6 81. Re6+ Kb7 82. Re7+ Kc6 83. Rc7+ Kd6 84. Rd7+ Ke6 85. Re7+ Kd6 86. Rd7+ Kc5 87. Rd5+ Kb4 88. Rd4+ Kb3 89. Rd3+ Kxa4 90. Ra3+ Kb5 91. Rb3+ Ka6 92. Rd3 Rg1+ 93. Ka2 Rc6 94. Ka3 Rcc1 95. Kb2 Kb5 96. Rd5+ Kb4 97. Rd8 Rb1+ 98. Kc2 Rbf1 0-1


[Site "https://www.chess.com"]

[Event "Titled Tuesday Blitz April 19 Early 2022"]
[White "Grischuk, Alexander"]
[Black "Timofeev, Artyom"]
[WhiteFideId "4126025"]
[BlackFideId "4140419"]
[WhiteElo "2762"]
[BlackElo "2594"]
[Result "1-0"]
[Round "11"]
[TimeControl "180+1"]
[Date "2022.04.19"]
[WhiteClock "0:00:08"]
[BlackClock "0:00:08"]

1. d4 Nf6 2. Nf3 g6 3. Bf4 Bg7 4. e3 O-O 5. Be2 b6 6. O-O Bb7 7. c4 d6 8. Qc2 Nbd7 9. Nc3 Re8 10. Rfd1 c5 11. d5 Nh5 12. Bg5 h6 13. Bh4 g5 14. Nd2 Ndf6 15. Bg3 Nxg3 16. hxg3 Bc8 17. Bd3 Bd7 18. Bf5 Qc8 19. Bxd7 Qxd7 20. Nde4 Nh7 21. f4 f5 22. Nf2 Kh8 23. Rd3 Nf6 24. Re1 a6 25. fxg5 hxg5 26. e4 Ng4 27. Nxg4 fxg4 28. Qd2 Bd4+ 29. Rxd4 cxd4 30. Qxd4+ e5 31. Qd2 Rg8 32. Nd1 Qc7 33. Ne3 Qc5 34. Kf1 Kg7 35. Ke2 Kg6 36. b4 Qd4 37. Qxd4 exd4 38. Nf5 a5 39. b5 Rgd8 40. Kd3 Kf6 41. Kxd4 Kg6 42. Rh1 1-0


[Site "https://www.chess.com"]

[Event "Titled Tuesday Blitz April 19 Early 2022"]
[White "Gu, Xiaobing"]
[Black "Golubeva, Oksana"]
[WhiteFideId "8602611"]
[BlackFideId "4170164"]
[WhiteElo "2174"]
[BlackElo "2162"]
[Result "0-1"]
[Round "11"]
[TimeControl "180+1"]
[Date "2022.04.19"]
[WhiteClock "0:00:28"]
[BlackClock "0:00:54"]

1. e4 e6 2. d4 d5 3. exd5 exd5 4. Nf3 Nc6 5. Bb5 Bg4 6. Qe2+ Be7 7. O-O Nf6 8. Re1 Bxf3 9. Qxf3 O-O 10. c3 Ne4 11. Nd2 f5 12. Nf1 Bd6 13. Bf4 Ne7 14. Ba4 Ng6 15. Bxd6 Qxd6 16. Ne3 c6 17. Rad1 f4 18. Ng4 Ng5 19. Qd3 f3 20. g3 Nh3+ 21. Kf1 Ng5 22. Ne5 Ne4 23. Rxe4 dxe4 24. Qxe4 Nxe5 25. Qxe5 Qh6 26. h4 Rae8 27. Bb3+ Kh8 28. Qc5 Qg6 29. d5 Qg4 30. Kg1 Qh3 0-1


[Site "https://www.chess.com"]

[Event "Titled Tuesday Blitz April 19 Early 2022"]
[White "Gubajdullin, Alexei"]
[Black "Palachev, Petr"]
[WhiteFideId "4141202"]
[BlackFideId "24129003"]
[WhiteElo "2266"]
[BlackElo "2339"]
[Result "0-1"]
[Round "11"]
[TimeControl "180+1"]
[Date "2022.04.19"]
[WhiteClock "0:00:01"]
[BlackClock "0:00:10"]

1. c4 Nf6 2. Nc3 e5 3. Nf3 Nc6 4. g3 d5 5. cxd5 Nxd5 6. Bg2 Nb6 7. O-O Be7 8. Rb1 a5 9. b3 O-O 10. Bb2 Be6 11. Nb5 Qd7 12. d4 e4 13. Nd2 f5 14. Rc1 Rac8 15. Nc4 Nb4 16. a4 Nxc4 17. bxc4 c6 18. Na3 Rcd8 19. Qb3 Bf6 20. Rfd1 Qf7 21. f3 exf3 22. Qxf3 Bg5 23. e3 h5 24. h4 Bh6 25. Rc3 g5 26. hxg5 Bxg5 27. Kf2 Qg6 28. Rh1 f4 29. gxf4 Bg4 30. Qe4 Qg7 31. Rb3 Rde8 32. Qb1 Bxf4 33. exf4 Rxf4+ 34. Kg1 Bf3 35. Rxf3 Rxf3 36. d5 Qg5 37. Bd4 Re2 38. Rh2 Nd3 39. Kh1 Re1+ 40. Qxe1 Nxe1 41. Bxf3 Qf4 42. dxc6 Qxf3+ 43. Kg1 Qg4+ 44. Kf1 Qxd4 45. Kxe1 Qg1+ 46. Kd2 Qxh2+ 47. Kd3 bxc6 0-1


[Site "https://www.chess.com"]

[Event "Titled Tuesday Blitz April 19 Early 2022"]
[White "Harish, Neeraj"]
[Black "Skytte, Rasmus"]
[WhiteFideId "30958130"]
[BlackFideId "1404210"]
[WhiteElo "1574"]
[BlackElo "2430"]
[Result "1/2-1/2"]
[Round "11"]
[TimeControl "180+1"]
[Date "2022.04.19"]
[WhiteClock "0:00:22"]
[BlackClock "0:00:09"]

1. e4 c6 2. d4 d5 3. e5 c5 4. dxc5 e6 5. Nf3 Nd7 6. a3 Bxc5 7. b4 Be7 8. Bd3 a5 9. b5 Bc5 10. O-O Ne7 11. Nbd2 O-O 12. Bxh7+ Kxh7 13. Ng5+ Kh6 14. Nb3 Kg6 15. Qg4 Nxe5 16. Qg3 Bxf2+ 17. Rxf2 Nf5 18. Qxe5 f6 19. Qc3 fxg5 20. Bb2 d4 21. Nxd4 Nxd4 22. Rxf8 Ne2+ 23. Kh1 Qxf8 24. Qd3+ Qf5 25. Qxe2 b6 26. Rf1 Qd5 27. Qf2 Qf5 28. Qxf5+ exf5 29. Rd1 Bb7 30. Rd6+ Kh5 31. Rxb6 Re8 32. h3 Re1+ 33. Kh2 Be4 34. Bxg7 g4 35. Rh6+ Kg5 36. h4+ Kf4 37. g3+ Kf3 38. Rd6 Re2+ 39. Kg1 Re1+ 40. Kh2 Re2+ 41. Kg1 Re1+ 42. Kh2 1/2-1/2


[Site "https://www.chess.com"]

[Event "Titled Tuesday Blitz April 19 Early 2022"]
[White "Hoffmann, Asa"]
[Black "Popadic, Dragan"]
[WhiteFideId "2001470"]
[BlackFideId "913650"]
[WhiteElo "2117"]
[BlackElo "2203"]
[Result "1-0"]
[Round "11"]
[TimeControl "180+1"]
[Date "2022.04.19"]
[WhiteClock "0:00:13"]
[BlackClock "0:00:15"]

1. d4 Nf6 2. Bg5 e6 3. Nd2 d5 4. e3 Be7 5. Bd3 c5 6. c3 b6 7. f4 Ba6 8. Bxa6 Nxa6 9. Qa4+ Qd7 10. Qxa6 O-O 11. Ngf3 cxd4 12. exd4 Ne4 13. Bxe7 Qxe7 14. Qe2 f5 15. O-O Rac8 16. Ne5 Kh8 17. Kh1 Kg8 18. Rf3 Rf6 19. Rh3 b5 20. Nxe4 fxe4 21. a3 a6 22. Qg4 a5 23. Rg3 Rcf8 24. h4 Rxf4 25. Qg5 Rxh4+ 26. Kg1 Qxg5 27. Rxg5 Rhf4 28. Re1 Rf2 29. b3 Rb2 30. c4 Rxb3 31. cxd5 exd5 32. Nd7 Rxa3 33. Rxd5 Re8 34. Ne5 b4 35. Nc4 Ra2 36. Rxa5 b3 37. Rb5 Rc2 38. Ne3 Rc3 39. d5 h6 40. d6 Rd8 41. Rb6 Kh7 42. Kh2 Rd7 43. Ng4 b2 44. Rxb2 Rxd6 45. Rxe4 Rg6 46. Rbe2 Rc5 47. Ne5 Rg5 48. Nf3 Rg6 49. g3 Rc3 50. Kg2 Ra3 51. R4e3 Ra5 52. Nh4 Rgg5 53. Rf3 Ra4 54. Kh3 Rb4 55. Re7 Ra4 56. Rff7 Ra6 57. Nf5 Rag6 58. Rf8 Ra6 59. Ree8 Ra5 60. Nh4 g6 61. Rf7# 1-0


[Site "https://www.chess.com"]

[Event "Titled Tuesday Blitz April 19 Early 2022"]
[White "Horcajuelo Rocamora, Martin"]
[Black "Dauner, Benedikt"]
[WhiteFideId "24573027"]
[BlackFideId "16225899"]
[WhiteElo "1822"]
[BlackElo "2230"]
[Result "0-1"]
[Round "11"]
[TimeControl "180+1"]
[Date "2022.04.19"]
[WhiteClock "0:01:35"]
[BlackClock "0:01:55"]

1. e4 a6 2. d4 e6 3. c4 d5 4. Nc3 dxe4 5. Nxe4 Nf6 6. Nxf6+ Qxf6 7. Nf3 Nc6 8. Be3 Bb4+ 9. Bd2 Bxd2+ 10. Qxd2 O-O 11. Bd3 Rd8 12. O-O-O h6 13. Be4 Bd7 14. Rhe1 Be8 15. g3 Rd6 16. Bxc6 Bxc6 17. Ne5 Bf3 18. Nxf3 Qxf3 19. Re3 Qf6 20. f4 Rad8 21. Rd3 Qf5 22. Kc2 Rxd4 23. Kc3 0-1


[Site "https://www.chess.com"]

[Event "Titled Tuesday Blitz April 19 Early 2022"]
[White "Ianov, Viktor"]
[Black "Papp, Petra"]
[WhiteFideId "14102730"]
[BlackFideId "739049"]
[WhiteElo "2161"]
[BlackElo "2259"]
[Result "1-0"]
[Round "11"]
[TimeControl "180+1"]
[Date "2022.04.19"]
[WhiteClock "0:00:32"]
[BlackClock "0:00:11"]

1. Nf3 c5 2. g3 Nc6 3. Bg2 g6 4. c4 Bg7 5. Nc3 d6 6. O-O e6 7. b3 Nge7 8. Bb2 O-O 9. e3 b6 10. d4 Bb7 11. Qd2 Nf5 12. Ne2 Qe7 13. Rfd1 Rfd8 14. Rac1 Rac8 15. h3 Ba8 16. Nf4 cxd4 17. exd4 d5 18. cxd5 exd5 19. Re1 Qd6 20. Ne5 Bh6 21. h4 Nce7 22. Ned3 Rxc1 23. Rxc1 Rc8 24. Rxc8+ Nxc8 25. Qc2 Nce7 26. Ne2 Bb7 27. Bc1 Bxc1 28. Qxc1 Kg7 29. Qc3 Qc6 30. Qxc6 Bxc6 31. Nb4 Bb7 32. Kf1 a5 33. Nc2 Kf6 34. Ne3 Nxe3+ 35. fxe3 Nf5 36. Kf2 Ke6 37. Nf4+ Kd6 38. Bh3 Ng7 39. g4 Ne6 40. g5 Nxf4 41. exf4 Ba6 42. Ke3 Ke7 43. f5 f6 44. Kf4 fxg5+ 45. hxg5 Kd6 46. f6 Bd3 47. Bg2 Ke6 48. Bh3+ Kd6 49. Ke3 Be4 50. Kf4 b5 51. a3 b4 52. axb4 axb4 53. f7 Ke7 54. Be6 Bg2 55. Ke5 Bf3 56. Bxd5 Bxd5 57. Kxd5 Kxf7 58. Ke5 Ke7 59. d5 Kd7 60. Kf6 Kd6 61. Kg7 Kxd5 62. Kxh7 Kd4 63. Kxg6 Kc3 64. Kf6 Kxb3 65. g6 Kc2 66. g7 b3 67. g8=Q b2 68. Qc4+ Kd2 69. Qb4+ Kc1 70. Qc3+ 1-0


[Site "https://www.chess.com"]

[Event "Titled Tuesday Blitz April 19 Early 2022"]
[White "Ibarra Jerez, Jose Carlos"]
[Black "Chen, Qi b"]
[WhiteFideId "2226332"]
[BlackFideId "8614733"]
[WhiteElo "2626"]
[BlackElo "2432"]
[Result "1/2-1/2"]
[Round "11"]
[TimeControl "180+1"]
[Date "2022.04.19"]
[WhiteClock "0:00:04"]
[BlackClock "0:00:06"]

1. d4 Nf6 2. Bf4 d5 3. e3 e6 4. Nd2 Bd6 5. Bg3 O-O 6. Ngf3 c5 7. c3 Qc7 8. dxc5 Qxc5 9. Bd3 Re8 10. e4 e5 11. O-O Qc7 12. Re1 dxe4 13. Nxe4 Nxe4 14. Bxe4 h6 15. Qc2 Nc6 16. Rad1 Bg4 17. h3 Bh5 18. Re3 Rad8 19. Red3 Nb4 20. Qb3 Nxd3 21. Rxd3 Qb6 22. Qa4 Bxf3 23. Rxf3 Bc5 24. b4 Bf8 25. Qb3 Qe6 26. c4 f6 27. Bxb7 Kh8 28. Bd5 Qb6 29. c5 Qa6 30. Bc4 Qc6 31. Kh2 a5 32. a3 Rb8 33. Qc3 axb4 34. axb4 Rec8 35. Ba2 Qa6 36. Qb3 Bxc5 37. Qf7 Bxb4 38. Bb1 e4 39. Qg6 Re8 40. Bxe4 Rxe4 41. Qxe4 Rf8 42. Qg6 Bd6 43. h4 Bxg3+ 44. Rxg3 Qb7 45. h5 Qf7 46. Qf5 Qe7 47. f4 Re8 48. Qg6 Rf8 49. Rd3 Qf7 50. Qf5 Qe7 51. Rd7 Qe2 52. Qg6 Rg8 53. Rf7 Qe3 54. Rxf6 Qf2 55. Kh3 Qe3+ 56. g3 Qf3 57. Rf7 Qf1+ 58. Kg4 Qd1+ 59. Kh3 Qh1+ 60. Kg4 Qd1+ 61. Kf5 Qd5+ 62. Kg4 Qd1+ 1/2-1/2


[Site "https://www.chess.com"]

[Event "Titled Tuesday Blitz April 19 Early 2022"]
[White "Iljin, Timofey"]
[Black "Carrasco Miranda, Andres"]
[WhiteFideId "14110180"]
[BlackFideId "3405990"]
[WhiteElo "2396"]
[BlackElo "2177"]
[Result "1-0"]
[Round "11"]
[TimeControl "180+1"]
[Date "2022.04.19"]
[WhiteClock "0:01:52"]
[BlackClock "0:00:20"]

1. d4 Nf6 2. c4 g6 3. Nc3 d5 4. cxd5 Nxd5 5. e4 Nxc3 6. bxc3 Bg7 7. Nf3 c5 8. Be2 O-O 9. O-O Bg4 10. Be3 Nc6 11. d5 Bxf3 12. Bxf3 Ne5 13. Be2 e6 14. f4 Nd7 15. c4 exd5 16. cxd5 Re8 17. e5 Rc8 18. d6 c4 19. Bf3 b5 20. Bb7 Rb8 21. Bd5 Nb6 22. Bc6 b4 23. Bxe8 Qxe8 24. Qd4 Qc6 25. Rac1 a5 26. Rfd1 c3 27. d7 Nxd7 28. Qxd7 Qxd7 29. Rxd7 a4 30. Rcd1 c2 31. Rd8+ Bf8 32. R1d7 Rxd8 33. Rxd8 Kg7 34. Kf1 b3 35. axb3 axb3 36. Rb8 Ba3 37. Rxb3 c1=Q+ 38. Bxc1 Bxc1 39. g3 h5 40. Ke2 g5 41. Kf3 gxf4 42. gxf4 Kg6 43. Ke4 h4 44. f5+ Kg5 45. Rb1 Ba3 46. Rg1+ Kh5 47. h3 Bc5 48. Rg4 Bf2 49. Rg7 1-0


[Site "https://www.chess.com"]

[Event "Titled Tuesday Blitz April 19 Early 2022"]
[White "Ingebretsen, Jens E"]
[Black "Dorokhin, Mykhailo"]
[WhiteFideId "1522965"]
[BlackFideId "14114178"]
[WhiteElo "2072"]
[BlackElo "2280"]
[Result "1-0"]
[Round "11"]
[TimeControl "180+1"]
[Date "2022.04.19"]
[WhiteClock "0:00:27"]
[BlackClock "0:00:49"]

1. e4 c6 2. d4 d5 3. exd5 cxd5 4. Bd3 Nf6 5. c3 Qc7 6. Ne2 Bg4 7. f3 Bh5 8. O-O e6 9. Qe1 Bg6 10. Bf4 Bd6 11. Qg3 Bxf4 12. Nxf4 Qd7 13. Re1 O-O 14. Nd2 Nc6 15. Nxg6 hxg6 16. f4 Qd6 17. Re5 Nh5 18. Qf3 Nxe5 19. fxe5 Qe7 20. Rf1 f5 21. Rf2 Qg5 22. Nf1 Qc1 23. g3 a6 24. Rc2 Qg5 25. h3 b5 26. a3 Rab8 27. Rg2 a5 28. Kh2 b4 29. axb4 axb4 30. c4 dxc4 31. Bxc4 Rbe8 32. Qc6 Qe7 33. b3 f4 34. g4 f3 35. Rf2 Qh4 36. Rxf3 Rxf3 37. Qxf3 Rf8 38. Bxe6+ Kh7 39. Qxf8 Qe1 40. Qf3 1-0


[Site "https://www.chess.com"]

[Event "Titled Tuesday Blitz April 19 Early 2022"]
[White "Janaszak, Dawid"]
[Black "Shirov, Alexei"]
[WhiteFideId "1119206"]
[BlackFideId "2209390"]
[WhiteElo "2199"]
[BlackElo "2678"]
[Result "0-1"]
[Round "11"]
[TimeControl "180+1"]
[Date "2022.04.19"]
[WhiteClock "0:00:04"]
[BlackClock "0:01:14"]

1. e4 e5 2. Nf3 Nc6 3. d4 exd4 4. Nxd4 Qf6 5. Nf3 Bb4+ 6. Nbd2 Nge7 7. c3 Bc5 8. b4 Qxc3 9. bxc5 Qxa1 10. Bc4 d6 11. O-O Qf6 12. cxd6 Qxd6 13. e5 Qg6 14. Re1 Be6 15. Bf1 O-O-O 16. Qa4 Rd5 17. Nc4 Rhd8 18. Be3 a6 19. Qa3 Rd1 20. Ncd2 Rxe1 21. Nxe1 Nd5 22. Bc5 Nf4 23. Ndf3 Qb1 24. Be3 Nd5 25. g3 Nxe3 26. Qxe3 Qxa2 27. Kg2 Qd5 28. Bd3 Qb3 29. Qf4 Rxd3 30. Nxd3 Qxd3 31. Ng5 Bd5+ 0-1


[Site "https://www.chess.com"]

[Event "Titled Tuesday Blitz April 19 Early 2022"]
[White "Kadam, Om Manish"]
[Black "Richter, Nils"]
[WhiteFideId "45076294"]
[BlackFideId "12990809"]
[WhiteElo "1729"]
[BlackElo "2243"]
[Result "0-1"]
[Round "11"]
[TimeControl "180+1"]
[Date "2022.04.19"]
[WhiteClock "0:00:36"]
[BlackClock "0:00:47"]

1. e4 e6 2. d4 d5 3. Nd2 c5 4. exd5 Qxd5 5. Ngf3 Nf6 6. Bc4 Qd6 7. O-O cxd4 8. Qe2 Nc6 9. Nb3 Be7 10. Re1 O-O 11. Bg5 Bd7 12. Rad1 Qc7 13. Nbxd4 Nxd4 14. Rxd4 Bc6 15. Ne5 Bd5 16. Bd3 Rad8 17. Bxf6 Bxf6 18. c4 Qxe5 19. Qxe5 Bxe5 20. Rxe5 Bc6 21. Rxd8 Rxd8 22. Re3 a5 23. Kf1 Kf8 24. f3 Ke7 25. Ke2 h5 26. Kd2 h4 27. Kc3 g5 28. h3 Kd6 29. b3 f5 30. a3 g4 31. b4 axb4+ 32. axb4 gxh3 33. gxh3 f4 34. Re1 Bxf3 35. Rf1 Bg2 36. Rxf4 Rh8 37. c5+ Ke5 38. Rf7 Bxh3 39. Bc4 Bg2 40. Re7 Bd5 41. Bxd5 Kxd5 42. Rd7+ Ke5 43. b5 h3 44. Rd1 h2 45. Rh1 Kd5 46. Kb4 Rh4+ 47. Ka5 Kxc5 48. b6 Kc6 49. Rc1+ Kd7 50. Rd1+ Ke7 51. Rh1 e5 52. Kb5 e4 53. Kc4 Kd6 54. Kd4 Kc6 55. Ke3 Kxb6 56. Rb1+ Kc6 57. Rc1+ Kd6 58. Rd1+ Ke5 59. Rh1 b5 0-1


[Site "https://www.chess.com"]